 Dungeon Crawl Stone Soup version 0.30-a0-219-gf2db51d15e (webtiles) character file.

Game seed: 10783066179821326298

11025 KennySheep the Transmogrifier (level 11, 0/150 HPs)
             Began as a Naga Transmuter on Oct 8, 2022.
             Was the Champion of Ru.
             Slain by a freezing wraith (16 damage)
             ... on level 12 of the Dungeon.
             The game lasted 00:47:29 (12006 turns).

KennySheep the Transmogrifier (Naga Transmuter)    Turns: 12006, Time: 00:47:29

Health: 0/150      AC: 25    Str: 20    XL:     11   Next: 71%
Magic:  13/14      EV:  1    Int: 14    God:    Ru [******]
Gold:   1105       SH:  0    Dex: 16    Spells: 1/14 levels left

rFire   . . .      SeeInvis +      - Unarmed
rCold   . . .      Faith    .    (shield unavailable)
rNeg    . . .      Spirit   .    (body armour currently unavailable)
rPois   +          Reflect  .    (helmet currently unavailable)
rElec   .          Harm     .    (cloak currently unavailable)
rCorr   .          Rampage  .    (gloves currently unavailable)
Will    +....      NoTele   +    (no barding)
Stlth   ..........               e - amulet of regeneration
HPRegen 1.25/turn                (ring unavailable)
MPRegen 0.14/turn                r - +6 ring of strength

@: tree-form
A: stationary, stasis, torment immunity, boosted hp, AC +3, large, see
invisible, (deformed body), (poison resistance), (slowness 2), spit poison 1,
missing a hand, no stealth, hated by all, inability to train armour, (naga tail
1), agile 1, MP-powered wands
a: Spit Poison, Renounce Religion, Draw Out Power, Power Leap, Apocalypse


You were on level 12 of the Dungeon.
You worshipped Ru.
Ru was exalted by your worship.
You were a tree.
You visited 2 branches of the dungeon, and saw 13 of its levels.

You collected 1105 gold pieces.

Inventory:

Missiles
 D - 2 throwing nets
Armour
 m - a +0 cloak (melded)
 C - +0 steam dragon scales (melded)
Magical Staves
 i - a staff of conjuration
Jewellery
 e - an amulet of regeneration (around neck)
 r - a +6 ring of strength (right branch)
 H - a ring of willpower
Wands
 y - a wand of mindburst (8)
 B - a wand of digging (6)
 J - a wand of iceblast (8)
Scrolls
 d - 4 scrolls of noise
 g - 5 scrolls of magic mapping
 j - 4 scrolls of blinking
 k - a scroll of enchant weapon
 p - 4 scrolls of teleportation
 q - 2 scrolls of poison
 s - a scroll of identify
 v - a scroll of enchant armour
 x - a scroll of immolation
 E - a scroll of brand weapon
 L - a scroll of butterflies
Potions
 b - 2 potions of lignification
 c - 2 potions of haste {unknown}
 h - 3 potions of curing
 l - 4 potions of brilliance {unknown}
 n - a potion of ambrosia {unknown}
 o - 3 potions of attraction
 t - 5 potions of degeneration {unknown}
 w - 5 potions of heal wounds {unknown}
 z - 2 potions of flight {unknown}
 F - a potion of mutation
 G - 2 potions of berserk rage {unknown}
 I - a potion of resistance {unknown}
Miscellaneous
 M - a lightning rod (4/4)


   Skills:
 + Level 7.6 Fighting
 + Level 6.5 Dodging
 + Level 8.9 Unarmed Combat
 - Level 2.0 Spellcasting
 * Level 11.8 Transmutations
 - Level 5.0 Poison Magic


You had one spell level left.
You knew the following spells:

 Your Spells              Type           Power      Damage    Failure   Level
a - Beastly Appendage     Tmut           68%        N/A       1%          1
b - Wereblood             Tmut           34%        N/A       1%          2
c - Dragon Form           Tmut           17%        N/A       83%         7
z - Spider Form           Tmut/Pois      25%        N/A       2%          3

Your spell library contained the following spells:

 Spells                   Type           Power      Damage    Failure   Level
 Foxfire                  Conj/Fire      4%         2x1d4     24%         1
 Slow                     Hex            4%         N/A       24%         1
 Ignite Poison            Fire/Tmut/Pois 17%        N/A       7%          3
 Ice Form                 Ice/Tmut       18%        N/A       21%         4
 Confusing Touch          Hex            1%         N/A       56%         3
 Portal Projectile        Hex/Tloc       2%         N/A       56%         3
 Vampiric Draining        Necr           1%         2d6       56%         3
 Eringya's Noxious Bog    Tmut/Pois      12%        N/A       75%         6
 Cause Fear               Hex            0%         N/A       93%         4
 Leda's Liquefaction      Hex/Erth       0%         N/A       93%         4
 Sticky Flame             Conj/Fire      1%         2d3       93%         4
 Fireball                 Conj/Fire      0%         3d3       100%        5
 Starburst                Conj/Fire      0%         6d3       100%        6
 Storm Form               Tmut/Air       9%         N/A       100%        7
 Ignition                 Fire           0%         3d3       100%        8
 Maxwell's Capacitive Co  Air            0%         ∞         100%        8
 Call Canine Familiar     Summ           Unusable   N/A       N/A         3
 Summon Lightning Spire   Summ/Air       Unusable   N/A       N/A         4
 Summon Forest            Summ/Tloc      Unusable   N/A       N/A         5
 Summon Hydra             Summ           Unusable   N/A       N/A         7
 Dragon's Call            Summ           Unusable   N/A       N/A         9

Dungeon Overview and Level Annotations

Branches:
Dungeon (12/15)            Temple (1/1) D:4            Lair (0/5) D:10
    Orc: D:9-12

Altars:
Ashenzari
Cheibriados
Dithmenos
Elyvilon
Gozag
Kikubaaqudgha
Makhleb
Nemelex Xobeh
Okawaru
Qazlal
Ru
Sif Muna
Trog
Uskayaw
Vehumet
Wu Jian
Xom
Zin
The Shining One

Shops:
D:4 *

Annotations:
D:6 1 runed translucent door, Crazy Yiuf


Innate Abilities, Weirdness & Mutations

You are a tree.
Your roots penetrate the ground, keeping you stationary.
You cannot be teleported.
You are immune to unholy pain and torment.
Your maximum health is greatly increased.
Your equipment is partially melded.
((Your serpentine skin is tough. (AC +3)))
You have supernaturally acute eyesight. (SInv)
((Armour fits poorly on your strangely shaped body.))
((Your system is resistant to poisons. (rPois)))
((You cover ground very slowly.))
You can spit poison.
You are missing a hand.
You cannot be stealthy.
You are hated by all.
You cannot train Armour skill.
((You have a snake-like lower body.))
You are agile. (Dex +4, Str/Int -1)
You expend magic power (3 MP) to strengthen your wands.


Message History

The freezing wraith barely misses you.
The freezing wraith completely misses you.
You hit the freezing wraith.
The freezing wraith is moderately damaged.
The freezing wraith hits you! The freezing wraith freezes you!
The freezing wraith completely misses you.
The freezing wraith hits you. The freezing wraith freezes you!
The freezing wraith completely misses you.
You barely miss the freezing wraith.
The freezing wraith is moderately damaged.
You feel yourself speed up. The freezing wraith misses you. x2
You hit the freezing wraith.
The freezing wraith is heavily damaged.
The freezing wraith misses you. The freezing wraith hits you!
You hit the freezing wraith but do no damage.
The freezing wraith is heavily damaged.
The freezing wraith hits you!
* * * LOW HITPOINT WARNING * * *
The freezing wraith freezes you!
* * * LOW HITPOINT WARNING * * *
The freezing wraith hits you.
* * * LOW HITPOINT WARNING * * *
You bite the freezing wraith!
The freezing wraith is severely damaged.
Casting: Spider Form (mildly dangerous; 9% risk of failure)
Confirm with . or Enter, or press ? or * to list all spells.
Okay, then.
Really quaff the potion of lignification? [Y]es or [N]o only, please.
Really quaff the potion of lignification?
Your transformation has ended.
Your +0 cloak unmelds from your body.
Your +0 steam dragon scales unmelds from your body.
You turn into a tree.
Your +0 cloak melds into your body.
Your +0 steam dragon scales melds into your body.
Your roots penetrate the ground.
The freezing wraith hits you!
* * * LOW HITPOINT WARNING * * *
The freezing wraith freezes you!
You die...

... . ... ..
.... ... .....
>...
.....######.....
........<.......
......^.♣.......
#######.W.......
#.........
#.........
..######## #..#
#..# #..# #..#


You could see a freezing wraith.

Vanquished Creatures
  Josephine (D:11)
  Sonja (D:11)
  Lodul (D:11)
  Maggie (D:6)
  An unseen horror (D:11)
  4 kobold demonologists (D:11)
  3 trolls
  2 shadows
  5 yaks (D:11)
  4 wraiths
  Menkaure (D:6)
  4 vampire mosquitoes (D:10)
  Edmund (D:5)
  2 water moccasins
  2 sky beasts
  2 orc warriors
  2 black bears
  9 ogres
  5 phantoms
  3 kobold brigands
  Blork the orc (D:5)
  7 bullfrogs
  A gnoll sergeant (D:11)
  A necrophage (D:7)
  3 scorpions
  13 wights
  10 killer bees
  7 howler monkeys
  3 hounds
  2 jellies (D:6)
  2 orc priests
  Ijyb (D:5)
  3 iguanas
  16 orc wizards
  5 gnolls
  10 adders
  A shadow imp (D:6)
  4 white imps
  An ufetubus (D:4)
  A worm (D:2)
  2 dart slugs
  31 orcs
  4 endoplasms
  3 giant cockroaches
  9 hobgoblins
  3 quokkas
  9 ball pythons
  4 bats
  A frilled lizard (D:1)
  5 goblins
  25 kobolds
  7 rats
249 creatures vanquished.

Vanquished Creatures (others)
  A wyvern (D:8)
  A killer bee (D:8)
  24 plants
26 creatures vanquished.

Grand Total: 275 creatures vanquished

Notes
Turn   | Place    | Note
-------+----------+-------------------------------------------
     0 | D:1      | KennySheep the Naga Transmuter began the quest for the Orb.
     0 | D:1      | Reached XP level 1. HP: 18/18 MP: 3/3
   128 | D:1      | Reached skill level 1 in Poison Magic
   220 | D:1      | Reached XP level 2. HP: 20/25 MP: 3/5
   224 | D:1      | Learned a level 2 spell: Wereblood
   874 | D:2      | Reached XP level 3. HP: 17/31 MP: 4/6
   881 | D:2      | Learned a level 3 spell: Spider Form
  1175 | D:2      | Reached skill level 3 in Transmutations
  1419 | D:2      | Reached XP level 4. HP: 31/38 MP: 7/7
  2249 | D:3      | Reached XP level 5. HP: 44/44 MP: 6/8
  2249 | D:3      | Found a shimmering altar of Xom.
  2546 | D:4      | Reached skill level 4 in Transmutations
  2627 | D:4      | Noticed an ogre
  2634 | D:4      | Killed an ogre
  2635 | D:4      | Reached XP level 6. HP: 51/51 MP: 5/9
  2672 | D:4      | Reached skill level 5 in Transmutations
  2672 | D:4      | Reached skill level 5 in Poison Magic
  2766 | D:4      | Found a staircase to the Ecumenical Temple.
  2814 | Temple   | Entered the Ecumenical Temple
  2870 | Temple   | Became a worshipper of Ru the Awakened
  3261 | D:4      | Reached XP level 7. HP: 58/58 MP: 10/10
  3265 | D:4      | Found Qaebret's General Store.
  3515 | D:5      | Entered Level 5 of the Dungeon
  3516 | D:5      | Noticed Blork the orc
  3521 | D:5      | Noticed Ijyb
  3526 | D:5      | Killed Blork the orc
  3534 | D:5      | Killed Ijyb
  3535 | D:5      | Reached skill level 6 in Transmutations
  3629 | D:5      | Reached XP level 8. HP: 62/68 MP: 7/11
  3823 | D:5      | Noticed Edmund
  3837 | D:5      | Killed Edmund
  3923 | D:5      | Found an opulent altar of Gozag.
  3923 | D:5      | Found a basalt altar of Yredelemnul.
  3956 | D:5      | Found an ancient bone altar of Kikubaaqudgha.
  3962 | D:5      | Found a broken altar of Ashenzari.
  3964 | D:5      | Found a shadowy altar of Dithmenos.
  3969 | D:5      | Found a blossoming altar of Fedhas.
  4110 | D:6      | Reached skill level 7 in Transmutations
  4388 | D:6      | Gained mutation: You cannot train Armour skill. [Ru
                  | sacrifice]
  4388 | D:6      | Reached * piety under Ru
  4516 | D:6      | Noticed Menkaure
  4531 | D:6      | Killed Menkaure
  4540 | D:6      | Found a stormy altar of Qazlal.
  4729 | D:6      | Reached skill level 5 in Unarmed Combat
  4765 | D:6      | Reached XP level 9. HP: 25/77 MP: 8/12
  5088 | D:6      | Reached skill level 8 in Transmutations
  5333 | D:6      | Found a runed translucent door.
  5334 | D:6      | Noticed Crazy Yiuf
  5351 | D:6      | Noticed Maggie
  5367 | D:6      | Killed Maggie
  6405 | D:7      | Reached skill level 5 in Fighting
  6513 | D:7      | Reached skill level 9 in Transmutations
  6681 | D:7      | Reached XP level 10. HP: 88/88 MP: 9/13
  6689 | D:7      | Learned a level 7 spell: Dragon Form
  7019 | D:8      | Gained mutation: You are missing a hand. [Ru sacrifice]
  7019 | D:8      | Reached ** piety under Ru
  7019 | D:8      | Reached *** piety under Ru
  7019 | D:8      | Reached **** piety under Ru
  7731 | D:8      | Found a glowing golden altar of the Shining One.
  7839 | D:8      | Found a large runed translucent door.
  7840 | D:8      | Found a large runed translucent door.
  8162 | D:8      | Gained mutation: You are hated by all. [Ru sacrifice]
  8162 | D:8      | Reached ***** piety under Ru
  8608 | D:8      | Found a hide-covered altar of Uskayaw.
  8615 | D:8      | Found a radiant altar of Vehumet.
  8707 | D:9      | Reached skill level 5 in Dodging
  9348 | D:9      | Reached skill level 10 in Transmutations
  9891 | D:10     | Entered Level 10 of the Dungeon
 10054 | D:10     | Found a staircase to the Lair.
 10137 | D:10     | Gained mutation: You cannot be stealthy. [Ru sacrifice]
 10137 | D:10     | Reached ****** piety under Ru
 10786 | D:11     | Noticed a kobold demonologist
 10787 | D:11     | Noticed a kobold demonologist
 10787 | D:11     | Noticed a kobold demonologist
 10797 | D:11     | Noticed a rust devil
 10811 | D:11     | Noticed an orange demon
 10816 | D:11     | Killed a kobold demonologist
 10817 | D:11     | Reached XP level 11. HP: 87/99 MP: 12/14
 10859 | D:11     | Noticed a sun demon
 10860 | D:11     | Noticed a sixfirhy
 10945 | D:11     | Noticed a sun demon
 10951 | D:11     | Reached skill level 11 in Transmutations
 11238 | D:11     | Gained mutation: You expend magic power (3 MP) to
                  | strengthen your wands. [potion of mutation]
 11238 | D:11     | Gained mutation: You are agile. (Dex +4, Str/Int -1)
                  | [potion of mutation]
 11298 | D:11     | Noticed Josephine
 11326 | D:11     | Killed Josephine
 11603 | D:11     | Noticed Sonja
 11646 | D:11     | Killed Sonja
 11871 | D:11     | Noticed Lodul
 11884 | D:11     | Killed Lodul
 12006 | D:12     | Slain by a freezing wraith

Illustrated notes

Levels and vault maps discovered:
D:1:      dpeg_arrival_rooms_with_view, layout_loops_cross, minmay_unequal
D:2:      wad_crossroads, layout_basic
D:3:      layout_basic, tgw_xom
D:4:      layout_loops_ring, minmay_temple_entry_glassed_door, serial_shops,
          shop, minmay_misc_feat_tiny, guppyfry_early_lair_pool
D:5:      layout_basic, nicolae_overflow_hallway_of_the_gods, uniq_ijyb,
          uniq_blork_the_orc, uniq_edmund
D:6:      layout_loops_ring, kennysheep_mini, lexackson_kobold_supper,
          uniq_crazy_yiuf_cottage, uniq_maggie, uniq_menkaure
D:7:      layout_basic
D:8:      layout_layer_cave, mainiacjoe_overflow_small_starburst,
          jmf_multi_god_temple2
D:9:      layout_cave_pods
D:10:     layout_irregular_city, nicolae_hepliaklqana_hazy_memory,
          dpeg_oklobed_lair
D:11:     layout_cave_pods, grunt_ministairs_13, uniq_sonja, uniq_josephine,
          uniq_lodul
D:12:     layout_irregular_city, david_orc_5, minmay_fractal_squares_diagonal_5
Temple:   eino_wide_crystal_templ

Skill      XL: |  1  2  3  4  5  6  7  8  9 10 11 |
---------------+----------------------------------+-----
Poison Magic   | 1 2 3 4 5 |  5.0
Transmutations | 3 4 5 6 7 9 10 11 | 11.8
Dodging        | 2 3 4 5 6 |  6.5
Fighting       | 2 4 5 6 7 |  7.6
Unarmed Combat | 5 7 8 |  8.9
Spellcasting   | |  2.0

Action                   |  1- 3 |  4- 6 |  7- 9 | 10-12 || total
-------------------------+-------+-------+-------+-------++-------
Melee: Unarmed           |   136 |   194 |   255 |   428 ||  1013
       Headbutt          |     5 |     2 |       |       ||     7
       Punch             |     2 |     3 |       |       ||     5
 Cast: Beastly Appendage |    12 |     4 |       |       ||    16
       Spider Form       |       |     6 |    30 |    35 ||    71
       Wereblood         |       |       |     1 |     1 ||     2
Invok: Sacrifice Durabil |       |       |     1 |       ||     1
       Sacrifice Stealth |       |       |       |     1 ||     1
       Sacrifice Love    |       |       |       |     1 ||     1
       Sacrifice a Hand  |       |       |       |     1 ||     1
       Draw Out Power    |       |       |       |     2 ||     2
 Abil: Spit Poison       |       |    12 |     1 |     2 ||    15
  Use: Scroll            |       |     6 |       |     8 ||    14
       Potion            |       |     2 |       |     2 ||     4
 Stab: Sleeping          |     1 |       |     1 |       ||     2
       Distracted        |       |       |     2 |     3 ||     5
       Invisible         |       |       |       |     6 ||     6
       Paralysed         |       |       |       |     5 ||     5
Armor: Robe              |    34 |    47 |     5 |       ||    86
       Skin              |       |     1 |     8 |    12 ||    21
       Steam dragon scal |       |       |       |    15 ||    15
Dodge: Dodged            |    80 |   112 |   175 |   411 ||   778

Table legend: (Time is in decaauts)
 A = Elapsed time spent in this place.
 B = Non-inter-level travel time spent in this place.
 C = Inter-level travel time spent in this place.
 D = Time resting spent in this place.
 E = Time spent auto-exploring this place.
 F = Levels seen in this place.
 G = Mean time per level.
                   A        B        C        D        E       F      G
               +--------+--------+--------+--------+--------+-----+--------+
         Total |  14936 |  14420 |    516 |   1253 |  10559 |  13 | 1148.9 |
       Dungeon |  14834 |  14341 |    493 |   1253 |  10512 |  12 | 1236.2 |
        Temple |    102 |     80 |     22 |      0 |     47 |   1 |  102.0 |
               +--------+--------+--------+--------+--------+-----+--------+

Top non-repeatable levels by time:
     D:6: 2504 daAuts
     D:8: 2172 daAuts
    D:11: 1598 daAuts
     D:9: 1484 daAuts
     D:2: 1363 daAuts
     D:4: 1141 daAuts
     D:1: 1038 daAuts
    D:10: 971 daAuts
     D:7: 943 daAuts
     D:3: 914 daAuts
     D:5: 681 daAuts
  Temple: 102 daAuts
    D:12: 18 daAuts
